[Event "Team 45 45 League T46"]
[Site "Internet Chess Club"]
[Date "2010.08.09"]
[Round "1"]
[White "baseball613"]
[Black "Deadly-Spike"]
[Result "0-1"]
[WhiteElo "1250"]
[BlackElo "1608"]
[Opening "King's Indian: London system"]
[ECO "A48"]
[Time "16:09:50"]
[TimeControl "2700+45"]

1. d4 Nf6 2. Nf3 g6 3. Bf4 d6 4. e3 Bg7 5. h3 Bf5 6. Be2 Nc6 7. O-O Nb4 8. Na3
O-O 9. c3 Nbd5 10. Qb3 Nxf4 11. exf4 Rb8 12. Rfe1 c6 13. Rad1 Nd5 14. Nh4 Bd7
15. Bd3 Nxf4 16. Bb1 e5 17. dxe5 Qxh4 18. exd6 Qg5 19. Be4 Bxh3 20. g3 Be5 21.
Nc4 Nh5 22. Nxe5 Qxe5 23. Bxg6 Qg5 24. Bc2 Nxg3 25. Re3 Nf5+ 26. Kh2 Qg2# {White
checkmated} 0-1

[Event "Team 45 45 League T46"]
[Site "Internet Chess Club"]
[Date "2010.08.09"]
[Round "1"]
[White "dagambiter"]
[Black "dabodhi"]
[Result "1-0"]
[WhiteElo "1505"]
[BlackElo "1229"]
[Opening "Sicilian: Smith-Morra gambit"]
[ECO "B21"]
[Time "19:00:15"]
[TimeControl "2700+45"]

1. e4 c5 2. d4 cxd4 3. c3 dxc3 4. Nxc3 Nc6 5. Bc4 e6 6. Nf3 Bb4 7. O-O Nf6 8.
Bf4 a6 9. Qe2 b5 10. Bb3 Bb7 11. e5 Nh5 12. Be3 Qc7 13. Rac1 Nxe5 14. Nxb5 Qd8
15. Nc7+ Kf8 16. Nxe5 Rc8 17. Bb6 Qg5 18. Nf3 Nf4 19. Nxg5 Nxe2+ 20. Kh1 Nxc1
21. Rxc1 h6 22. Nf3 g5 23. a3 Bd6 24. Ba4 Rd8 25. Nxe6+ dxe6 26. Bxd8 Kg7 27.
Bb6 Bf4 28. Rd1 Rc8 29. Kg1 Bd5 30. Bd4+ f6 31. Bc3 Rc4 32. Bb3 Rc5 33. Bxd5
exd5 34. Nd4 Rc4 35. Ne6+ Kg6 36. Nxf4+ gxf4 37. Rxd5 f5 38. Rd6+ Kg5 39. f3 Rc8
40. Kf2 Re8 41. Rxa6 h5 42. h4+ Kxh4 43. Bf6# {Black checkmated} 1-0

[Event "Team 45 45 League T46"]
[Site "Internet Chess Club"]
[Date "2010.08.07"]
[Round "1"]
[White "CoasterBrake"]
[Black "ilknight"]
[Result "0-1"]
[WhiteElo "1240"]
[BlackElo "1388"]
[Opening "English opening"]
[ECO "A16"]
[Time "11:00:23"]
[TimeControl "2700+45"]

1. c4 Nf6 2. Nc3 g6 3. g3 Bg7 4. Nf3 O-O 5. Bg2 d6 6. O-O Nc6 7. d3 e5 8. Bg5
Be6 9. Bxf6 Bxf6 10. Qb3 Rb8 11. a3 Qd7 12. Rfd1 Bh3 13. e3 Bxg2 14. Kxg2 Qe6
15. d4 exd4 16. exd4 Na5 17. Qc2 Qxc4 18. Qd3 Qxd3 19. Rxd3 Nb3 20. Re1 c5 21.
Nd5 c4 22. Nxf6+ Kg7 23. Nd7 cxd3 24. Nxb8 Rxb8 25. Rd1 d2 26. d5 Rc8 27. Nxd2
Nxd2 28. Rxd2 Rc5 29. Kf3 Kf6 30. Ke4 Ke7 31. Kd4 f5 32. f3 b5 33. b3 a5 34. Rd3
a4 35. Rc3 axb3 36. Rxc5 dxc5+ 37. Kc3 Kd6 38. Kxb3 Kxd5 39. Kc3 b4+ 40. axb4
cxb4+ 41. Kxb4 Kd4 42. f4 Ke3 43. Kc4 Kf3 44. Kd4 Kg2 45. Ke5 Kxh2 46. Kf6 Kxg3
47. Kg7 Kxf4 48. Kxh7 Kg5 {White resigns} 0-1

[Event "Team 45 45 League T46"]
[Site "Internet Chess Club"]
[Date "2010.08.15"]
[Round "1"]
[White "MeansToAnEnd"]
[Black "Fogbound"]
[Result "1-0"]
[WhiteElo "1205"]
[BlackElo "1309"]
[Opening "Dutch defense"]
[ECO "A84"]
[Time "12:00:19"]
[TimeControl "2700+45"]

1. d4 f5 2. c4 e6 3. Bf4 Nf6 4. Nc3 Bb4 5. a3 Bxc3+ 6. bxc3 O-O 7. e3 Ne4 8. Qc2
b6 9. Nf3 Bb7 10. Bd3 d6 11. O-O Nd7 12. Bxe4 Bxe4 13. Qb3 Qe8 14. Ng5 Bb7 15.
d5 Nc5 16. Qa2 e5 17. Bg3 Bc8 18. f4 Nd3 19. Qb1 e4 20. Nh3 Qa4 21. Qb5 Qc2 22.
Qc6 Ba6 23. Qxc7 Qxc3 24. Qxd6 Nc5 25. Rfc1 Qxe3+ 26. Bf2 Qb3 27. Bxc5 bxc5 28.
Qxc5 e3 29. Ng5 Rac8 30. Qxa7 Bxc4 31. Rab1 Qd3 32. Rb7 Qf1+ 33. Rxf1 Bxf1 34.
Rxg7+ Kh8 35. Rxh7+ Kg8 36. Qg7# {Black checkmated} 1-0

[Event "Team 45 45 League T46"]
[Site "Internet Chess Club"]
[Date "2010.08.09"]
[Round "1"]
[White "dornoch"]
[Black "sere"]
[Result "0-1"]
[WhiteElo "1010"]
[BlackElo "1155"]
[Opening "Petrov: Cozio (Lasker) attack"]
[ECO "C42"]
[Time "09:06:18"]
[TimeControl "2700+45"]

1. e4 e5 2. Nf3 Nf6 3. Nxe5 d6 4. Nf3 Nxe4 5. Qe2 Qe7 6. d3 Nf6 7. Qxe7+ Bxe7 8.
Nc3 O-O 9. Ne4 Ng4 10. h3 d5 11. Nc3 Nf6 12. Bd2 Nc6 13. Nb5 Bf5 14. Nxc7 Rac8
15. Nb5 Bb4 16. Nd6 Bxd6 17. O-O-O Bb4 18. Bxb4 Nxb4 {White resigns} 0-1

[Event "Team 45 45 League T46"]
[Site "Internet Chess Club"]
[Date "2010.08.08"]
[Round "1"]
[White "LeanSixSigma"]
[Black "SeniorCitizen"]
[Result "1-0"]
[WhiteElo "1507"]
[BlackElo "1215"]
[Opening "QGD: 4.Nf3"]
[ECO "D37"]
[Time "12:00:07"]
[TimeControl "2700+45"]

1. d4 d5 2. c4 e6 3. Nc3 Nf6 4. Nf3 dxc4 5. Qa4+ Nc6 6. Qxc4 Be7 7. e3 O-O 8.
Bd3 Bb4 9. a3 Bxc3+ 10. Qxc3 Ne7 11. Qc2 Kh8 12. Ng5 g6 13. Bd2 b6 14. Bc3 Kg8
15. O-O-O Bb7 16. f3 Qc8 17. e4 Nh5 18. Bd2 Ba6 19. g4 Bxd3 20. Qxd3 Ng7 21. Kb1
Rd8 22. Rc1 c5 23. Bb4 Rxd4 24. Qxd4 cxd4 25. Rxc8+ Nxc8 26. Rc1 h6 27. Nh3 Ne8
28. Nf2 Ncd6 29. Bxd6 Nxd6 30. Nd3 Rc8 31. Rxc8+ Nxc8 32. Kc2 Ne7 33. Kb3 Nc6
34. Kc4 a6 35. a4 Kf8 36. b4 f6 37. f4 Ke7 38. b5 axb5+ 39. axb5 Na7 40. e5 f5
41. g5 hxg5 42. fxg5 Kd7 43. Nf4 Ke7 44. Nxg6+ Kf7 45. Nf4 Nxb5 46. Kxb5 d3 47.
Nxd3 Kg6 48. h4 {Black resigns} 1-0

[Event "Team 45 45 League T46"]
[Site "Internet Chess Club"]
[Date "2010.08.08"]
[Round "1"]
[White "lawth3"]
[Black "jjaillet2007"]
[Result "0-1"]
[WhiteElo "1070"]
[BlackElo "1242"]
[Opening "Queen's gambit declined"]
[ECO "D30"]
[Time "20:00:24"]
[TimeControl "2700+45"]

1. d4 d5 2. c4 e6 3. Nf3 c5 4. dxc5 Bxc5 5. Bf4 Bd6 6. Bd2 Nf6 7. Nc3 Nc6 8. e3
a6 9. cxd5 exd5 10. Bd3 O-O 11. O-O Nb4 12. Bb1 Re8 13. a3 Nc6 14. Re1 Bg4 15.
e4 d4 16. Nd5 Nxd5 17. exd5 Ne5 18. Be4 f5 19. Bb1 Bxf3 20. gxf3 Qh4 21. f4 Ng4
22. Qf3 Rxe1+ 23. Bxe1 Nxh2 24. Qg3 Qxg3+ 25. fxg3 Nf3+ 26. Kf2 Nxe1 27. Kxe1
Re8+ 28. Kd1 Re3 29. Bxf5 Rxg3 30. Be6+ Kf8 31. f5 Rg1+ 32. Kc2 Rxa1 33. Bc8 h5
34. Bxb7 a5 35. Kb3 h4 36. Ka4 h3 37. Kxa5 h2 {White resigns} 0-1

[Event "Team 45 45 League T46"]
[Site "Internet Chess Club"]
[Date "2010.08.06"]
[Round "1"]
[White "kabubi"]
[Black "Cicero"]
[Result "1/2-1/2"]
[WhiteElo "1152"]
[BlackElo "1193"]
[Opening "Sicilian defense"]
[ECO "B20"]
[Time "17:00:10"]
[TimeControl "2700+45"]

1. e4 c5 2. d3 g6 3. g3 Nc6 4. Nf3 Nf6 5. Nbd2 Bg7 6. Bg2 O-O 7. O-O d5 8. c3 e5
9. Re1 d4 10. c4 Bg4 11. Nf1 b6 12. h3 Bd7 13. Qe2 Qc8 14. Kh2 a6 15. a3 b5 16.
b3 bxc4 17. bxc4 Rb8 18. Bd2 Rb2 19. Rab1 Qb8 20. Qd1 Rxb1 21. Qxb1 Qc7 22. Kg1
Rb8 23. Qa2 a5 24. Rb1 a4 25. Bg5 h6 26. Bxf6 Bxf6 27. N1d2 Rxb1+ 28. Qxb1 h5
29. Nh2 Qc8 30. Qf1 Na5 31. Nhf3 Nb3 32. Kh2 Qb8 33. Qb1 Bd8 34. Qb2 f5 35. h4
fxe4 36. Nxe4 Qc7 37. Bf1 Bg4 38. Bg2 Bf5 {Game drawn by mutual agreement}
1/2-1/2

[Event "Team 45 45 League T46"]
[Site "Internet Chess Club"]
[Date "2010.08.08"]
[Round "1"]
[White "Graybeard"]
[Black "Mclintock45"]
[Result "1-0"]
[WhiteElo "1168"]
[BlackElo "1066"]
[Opening "Scotch gambit"]
[ECO "C44"]
[Time "15:05:34"]
[TimeControl "2700+45"]

1. e4 e5 2. Nf3 Nc6 3. d4 exd4 4. Bc4 Qe7 5. Nbd2 Nf6 6. Ng5 Ne5 7. O-O h6 8.
Ngf3 Nxc4 9. Nxc4 d5 10. exd5 Bg4 11. Re1 Be6 12. dxe6 fxe6 13. Qxd4 Qd7 14.
Qxd7+ Nxd7 15. Rxe6+ Kf7 16. Re2 Bc5 17. Be3 Rae8 18. Rae1 b5 19. Na5 Bb4 20.
Bd2 c5 21. a3 Bxd2 22. Nxd2 Re5 23. Rxe5 Nxe5 24. Rxe5 Kf6 25. Rxc5 Re8 26. Kf1
a6 27. Rc6+ Ke5 28. Rxa6 Rd8 29. Nc6+ {Black resigns} 1-0

[Event "Team 45 45 League T46"]
[Site "Internet Chess Club"]
[Date "2010.08.07"]
[Round "1"]
[White "wekabird"]
[Black "seattleblues"]
[Result "1/2-1/2"]
[WhiteElo "1142"]
[BlackElo "1280"]
[Opening "English opening"]
[ECO "A13"]
[Time "22:00:07"]
[TimeControl "2700+45"]

1. c4 e6 2. Nc3 d5 3. cxd5 exd5 4. d4 Bd6 5. Nxd5 c6 6. Nc3 Ne7 7. Nf3 O-O 8. g3
Nd7 9. Bg2 Nb6 10. O-O f6 11. e4 Ng6 12. Qe2 Re8 13. Re1 Nd7 14. a3 a5 15. d5 c5
16. Nb5 Bf8 17. d6 Ra7 18. Nxa7 Bxd6 19. Nb5 Nde5 20. Nxe5 Bxe5 21. Rd1 Qb6 22.
a4 Nf8 23. Rb1 Ne6 24. Be3 Nd4 25. Bxd4 cxd4 26. Qc4+ Be6 27. Qd3 Rd8 28. Na3
Bb3 29. Rdc1 Bxa4 30. Nc4 Qa6 31. b3 Bb5 32. Rd1 Rc8 33. Rdc1 Qe6 34. Qd2 Bxc4
35. Rxc4 Rxc4 36. bxc4 b6 37. Rb5 Qxc4 38. Qb2 d3 39. Qb1 d2 40. Rd5 Qc1+ 41.
Qxc1 dxc1=Q+ 42. Bf1 h6 43. Kg2 a4 44. Rd8+ Kh7 45. Be2 a3 46. Bg4 Kg6 47. Bf5+
Kf7 48. Rd7+ Kf8 49. Bg6 Qc8 50. Rf7+ Kg8 51. Re7 a2 52. Bf7+ Kh7 53. Bxa2 h5
54. Be6 Qd8 55. Rb7 Qd6 56. Bf5+ Kh6 57. Rd7 Qc5 58. Rd8 g6 59. Be6 Qe7 60. Rh8+
Kg7 61. Rg8+ Kh6 62. Rh8+ Qh7 63. Rxh7+ Kxh7 64. f4 Bd4 65. Kf3 Kg7 66. Ke2 Kf8
67. Kd3 Bc5 68. Kc4 Ke7 69. Bd5 Kd6 70. h4 Kc7 71. Bf7 g5 72. Bxh5 gxh4 73. gxh4
Bf2 74. f5 Bxh4 75. Bf7 Kd6 76. Bd5 Bg3 77. Kb5 Kc7 78. Bc6 Bf2 79. Bd5 Kd6 80.
Be6 Ke5 81. Kc6 Kxe4 82. Kd6 b5 {Game drawn by mutual agreement} 1/2-1/2

[Event "Team 45 45 League T46"]
[Site "Internet Chess Club"]
[Date "2010.08.05"]
[Round "1"]
[White "Traho"]
[Black "guyd52"]
[Result "0-1"]
[WhiteElo "1174"]
[BlackElo "1253"]
[Opening "Pirc: classical (two knights) system"]
[ECO "B08"]
[Time "19:02:42"]
[TimeControl "2700+45"]

1. e4 g6 2. d4 d6 3. Nf3 Nf6 4. Nc3 Bg7 5. Bc4 O-O 6. O-O Nbd7 7. Re1 e6 8. a3
Nxe4 9. Rxe4 d5 10. Nxd5 exd5 11. Bxd5 Nf6 12. Bxf7+ Rxf7 13. Re2 c6 14. c3 Bg4
15. Qd3 Qd5 16. c4 Qf5 17. Qxf5 Bxf5 18. c5 Bg4 19. Re3 Nd5 20. Rd3 Bxf3 21.
gxf3 Raf8 22. Kg2 Nf4+ 23. Bxf4 Rxf4 24. Rad1 Rd8 25. Kf1 Rfxd4 26. Rxd4 Rxd4
27. Rxd4 Bxd4 28. b4 Bb2 29. a4 Ba3 30. b5 Bxc5 31. bxc6 bxc6 32. Ke2 Bd4 33. f4
Kf7 34. f3 Kf6 35. Kd3 c5 36. h3 Kf5 37. Ke2 Kxf4 38. a5 Kg3 39. f4 Kxf4 {White
resigns} 0-1

[Event "Team 45 45 League T46"]
[Site "Internet Chess Club"]
[Date "2010.08.09"]
[Round "1"]
[White "hcarstens"]
[Black "jocooper"]
[Result "1-0"]
[WhiteElo "1281"]
[BlackElo "1089"]
[Opening "Pirc: Holmov system"]
[ECO "B07"]
[Time "21:00:09"]
[TimeControl "2700+45"]

1. e4 d6 2. d4 Nf6 3. Nc3 g6 4. Bc4 Bg7 5. Nf3 O-O 6. Bg5 Nbd7 7. Qd2 c6 8. Bh6
b5 9. Bxg7 Kxg7 10. Be2 b4 11. Nd1 Rb8 12. b3 Nxe4 13. Qe3 Ndf6 14. Ng5 d5 15.
h4 Ng4 16. Qf4 Bf5 17. h5 h6 18. Nxe4 Bxe4 19. Qxg4 Bxc2 20. Ne3 Be4 21. f3 f5
22. Qxg6+ Kh8 23. fxe4 Rf6 24. Qg3 f4 25. Qf3 fxe3 26. Qxe3 Qg8 27. g4 Rbf8 28.
Rf1 Rxf1+ 29. Bxf1 Qxg4 30. Qxh6+ Kg8 31. Qg6+ Qxg6 32. hxg6 Kg7 33. e5 e6 34.
Bd3 Rf4 35. Rc1 Rxd4 36. Kd2 Rg4 37. Rxc6 Rg2+ 38. Ke3 Rg3+ 39. Kd4 Rg4+ 40. Kc5
Rg3 41. Ba6 Rc3+ 42. Kd6 Rxc6+ 43. Kxc6 Kxg6 44. Kd6 Kf5 45. Bd3+ {Black
resigns} 1-0

[Event "Team 45 45 League T46"]
[Site "Internet Chess Club"]
[Date "2010.08.08"]
[Round "1"]
[White "WannaB"]
[Black "WilmaP"]
[Result "0-1"]
[WhiteElo "1036"]
[BlackElo "1136"]
[Opening "French: advance, Paulsen attack"]
[ECO "C02"]
[Time "15:00:17"]
[TimeControl "2700+45"]

1. e4 e6 2. d4 d5 3. e5 c5 4. c3 Nc6 5. Nf3 Qb6 6. Be2 Nge7 7. dxc5 Qxc5 8. O-O
Ng6 9. Be3 Qe7 10. c4 Ngxe5 11. cxd5 exd5 12. Nxe5 Nxe5 13. Qxd5 Nc6 14. Nc3 Be6
15. Qd1 g6 16. Ne4 Rd8 17. Qc1 Bg7 18. Bc5 Qh4 19. Nd6+ Rxd6 20. Bxd6 Ne7 21.
Bb5+ Kf8 22. Qc7 Bf6 23. Qxb7 Kg7 24. Qxa7 Bd5 25. Bxe7 Bxe7 26. Qe3 Bd6 27. g3
Qh3 28. Qd4+ Kg8 29. Bc4 Qg2# {White checkmated} 0-1

[Event "Team 45 45 League T46"]
[Site "Internet Chess Club"]
[Date "2010.08.09"]
[Round "1"]
[White "RayF"]
[Black "Kallistos"]
[Result "0-1"]
[WhiteElo "1716"]
[BlackElo "1731"]
[Opening "QGD semi-Slav: Meran, Wade variation"]
[ECO "D47"]
[Time "01:03:08"]
[TimeControl "2700+45"]

1. d4 d5 2. c4 e6 3. Nc3 Nf6 4. Nf3 c6 5. e3 Nbd7 6. Bd3 dxc4 7. Bxc4 b5 8. Bd3
Bb7 9. e4 a6 10. e5 Nd5 11. O-O c5 12. Bg5 Qb6 13. dxc5 Bxc5 14. Ne4 h6 15. Bd2
Be7 16. Rc1 O-O 17. Qb3 Rac8 18. Rfe1 Nc5 19. Nxc5 Bxc5 20. Rf1 Rfd8 21. Qd1 Ne7
22. Qe2 Bd4 23. Rxc8 Nxc8 24. Be4 Bxe4 25. Qxe4 Bxb2 26. Qc2 Ba3 27. Be3 Qa5 28.
Bd2 b4 29. Rb1 Ne7 30. h3 Qb5 31. Qc7 Nc6 32. Re1 Qc4 33. Bf4 Bb2 34. Be3 Qd5
35. Bf4 a5 36. Qb6 Qc4 37. Bg3 Rd7 38. Kh2 a4 39. Rb1 Bc1 40. Ra1 Rd1 {White
resigns} 0-1

[Event "Team 45 45 League T46"]
[Site "Internet Chess Club"]
[Date "2010.08.07"]
[Round "1"]
[White "Signalman"]
[Black "Tamarin"]
[Result "0-1"]
[WhiteElo "1587"]
[BlackElo "1799"]
[Opening "Four knights: Scotch, 4...exd4"]
[ECO "C47"]
[Time "03:32:51"]
[TimeControl "2700+45"]

1. e4 e5 2. Nf3 Nc6 3. Nc3 Nf6 4. d4 exd4 5. Nxd4 Bb4 6. Nxc6 bxc6 7. Bd3 d5 8.
exd5 Qe7+ 9. Qe2 Qxe2+ 10. Bxe2 cxd5 11. Bf4 Ne4 12. Be5 f6 13. Bb5+ Bd7 14.
Bxd7+ Kxd7 15. Bd4 c5 16. Bxc5 Nxc5 17. O-O Bxc3 18. bxc3 Rhe8 19. Rfd1 Kc6 20.
Re1 Rxe1+ 21. Rxe1 Rb8 22. f3 Kd7 23. Kf2 Rb2 {White resigns} 0-1

[Event "Team 45 45 League T46"]
[Site "Internet Chess Club"]
[Date "2010.08.05"]
[Round "1"]
[White "BraafPaard"]
[Black "werty"]
[Result "1/2-1/2"]
[WhiteElo "1606"]
[BlackElo "1531"]
[Opening "French: Rubinstein variation"]
[ECO "C10"]
[Time "14:31:43"]
[TimeControl "2700+45"]

1. e4 e6 2. d4 d5 3. Nc3 dxe4 4. Nxe4 Nd7 5. Nf3 Ngf6 6. Bg5 Be7 7. Bd3 Nxe4 8.
Bxe7 Qxe7 9. Bxe4 Qb4+ 10. Qd2 Qxb2 11. O-O c6 12. Qd3 Qb6 13. c4 Nf6 14. Rfe1
O-O 15. Ne5 Rd8 16. c5 Qc7 17. Bf3 Nd7 18. Nxd7 Qxd7 19. Rad1 b6 20. Qb3 b5 21.
a4 a6 22. a5 Bb7 23. Qc3 Qe7 24. Rd2 Qf6 {Game drawn by mutual agreement}
1/2-1/2

[Event "Team 45 45 League T46"]
[Site "Internet Chess Club"]
[Date "2010.08.06"]
[Round "1"]
[White "rahulr"]
[Black "megarook"]
[Result "1-0"]
[WhiteElo "1381"]
[BlackElo "1444"]
[Opening "Réti: King's Indian attack"]
[ECO "A05"]
[Time "20:00:18"]
[TimeControl "2700+45"]

1. Nf3 Nf6 2. g3 g6 3. Bg2 Bg7 4. O-O O-O 5. d3 d5 6. e4 dxe4 7. dxe4 Nxe4 8.
Qe2 Nd6 9. Re1 Nc6 10. c3 Bf5 11. Nh4 Qd7 12. Bf4 Rfd8 13. Na3 Bg4 14. Bxc6 bxc6
15. Qxe7 Rab8 16. f3 Be6 17. Qxd7 Rxd7 18. Rab1 Bxa2 19. Rbd1 Rxb2 20. Rxd6 cxd6
21. Re8+ Bf8 22. Bh6 {Black resigns} 1-0

[Event "Team 45 45 League T46"]
[Site "Internet Chess Club"]
[Date "2010.08.09"]
[Round "1"]
[White "rubo"]
[Black "Yedixon"]
[Result "1-0"]
[WhiteElo "1717"]
[BlackElo "1729"]
[Opening "Bird's opening"]
[ECO "A03"]
[Time "21:00:11"]
[TimeControl "2700+45"]

1. f4 d5 2. Nf3 g6 3. e3 Bg7 4. Be2 c5 5. d4 cxd4 6. exd4 Nc6 7. O-O Qb6 8. c3
Nf6 9. Nbd2 O-O 10. Ne5 Nd7 11. Nxc6 bxc6 12. Nf3 e5 13. fxe5 Nxe5 14. Nxe5 Bxe5
15. Rf2 Bg7 16. Bd3 Bd7 17. Qf3 Rae8 18. Bf4 Re6 19. Raf1 Rf6 20. Qg3 Re8 21.
Bc7 {Black resigns} 1-0

[Event "Team 45 45 League T46"]
[Site "Internet Chess Club"]
[Date "2010.08.07"]
[Round "1"]
[White "g8wrb"]
[Black "mongmong"]
[Result "1/2-1/2"]
[WhiteElo "1439"]
[BlackElo "1481"]
[Opening "French: Tarrasch, closed variation"]
[ECO "C05"]
[Time "06:04:00"]
[TimeControl "2700+45"]

1. e4 e6 2. d4 d5 3. Nd2 Nf6 4. e5 Nfd7 5. f4 c5 6. Ngf3 Nc6 7. Nb3 cxd4 8.
Nfxd4 Nxd4 9. Qxd4 Qb6 10. Bd2 Qxd4 11. Nxd4 a6 12. Bd3 Bc5 13. c3 Bxd4 14. cxd4
b5 15. Rc1 Nb6 16. b3 O-O 17. O-O Re8 18. Rc7 Nd7 19. Rfc1 Nf8 20. Bb4 Ng6 21.
g3 f6 22. R1c6 fxe5 23. fxe5 Nh8 24. Kg2 Nf7 25. Bxh7+ Kxh7 26. Rxf7 Kg6 27.
Rcc7 Rg8 28. g4 a5 29. Bd2 a4 30. b4 Ba6 31. h4 Rac8 32. h5+ Kh7 33. Kg3 Rxc7
34. Rxc7 Rc8 35. Rxc8 Bxc8 36. Kh4 Bd7 37. Bg5 Be8 38. Be7 Bf7 39. g5 g6 {Game
drawn by mutual agreement} 1/2-1/2

[Event "Team 45 45 League T46"]
[Site "Internet Chess Club"]
[Date "2010.08.06"]
[Round "1"]
[White "CKNIGHT3"]
[Black "AtomicDog"]
[Result "1-0"]
[WhiteElo "1502"]
[BlackElo "1510"]
[Opening "Nimzo-Indian: 4.e3 e8g8, 5.Nf3 d7d5"]
[ECO "E51"]
[Time "12:31:30"]
[TimeControl "2700+45"]

1. d4 Nf6 2. c4 e6 3. Nc3 Bb4 4. e3 d5 5. Nf3 O-O 6. Bd3 Bxc3+ 7. bxc3 Nc6 8.
O-O Na5 9. Ba3 Re8 10. Qa4 b6 11. Ne5 dxc4 12. Nxc4 Nxc4 13. Bxc4 Bb7 14. Rac1
Ne4 15. Bb5 Qg5 16. f4 Qg4 17. Bxe8 Nxc3 18. Bxf7+ Kxf7 19. Qd7+ Kg6 20. Rf2
Ne2+ 21. Rxe2 Qxe2 22. Qxe6+ Kh5 23. Qf5+ {Black resigns} 1-0

[Event "Team 45 45 League T46"]
[Site "Internet Chess Club"]
[Date "2010.08.09"]
[Round "1"]
[White "supraholic"]
[Black "Just-Jim"]
[Result "0-1"]
[WhiteElo "1261"]
[BlackElo "1283"]
[Opening "Ruy Lopez: Cozio defense"]
[ECO "C60"]
[Time "18:06:36"]
[TimeControl "2700+45"]

1. e4 e5 2. Nf3 Nc6 3. Bb5 Nge7 4. O-O d6 5. d3 Bd7 6. Be3 a6 7. Ba4 h6 8. c3
Ng6 9. d4 Be7 10. d5 Na7 11. Nbd2 O-O 12. h3 f5 13. Bxa7 Rxa7 14. Bc2 fxe4 15.
Bxe4 Nh4 16. Qc2 Bg5 17. Nxh4 Bxh4 18. Nf3 Bg5 19. Nh2 Qf6 20. f3 Bf5 21. Ng4
Qg6 22. g3 h5 23. Nf2 Be3 24. Bxf5 Qxf5 25. Qxf5 Rxf5 26. Kg2 Ra8 27. Ne4 Raf8
28. f4 exf4 {White forfeits on time} 0-1

[Event "Team 45 45 League T46"]
[Site "Internet Chess Club"]
[Date "2010.08.09"]
[Round "1"]
[White "otib2006"]
[Black "chadivision"]
[Result "1-0"]
[WhiteElo "1243"]
[BlackElo "1099"]
[Opening "Queen's pawn game"]
[ECO "D05"]
[Time "19:00:38"]
[TimeControl "2700+45"]

1. d4 Nf6 2. Nf3 d5 3. e3 e6 4. Bd3 Bd6 5. O-O O-O 6. Nbd2 Nbd7 7. b3 c5 8. Bb2
b6 9. c4 Bb7 10. dxc5 bxc5 11. cxd5 exd5 12. Bb5 Bc8 13. Bd3 Qc7 14. Bxf6 Nxf6
15. h3 Rb8 16. Qc2 Re8 17. Ng5 Be5 18. Rab1 g6 19. Ngf3 Bd6 20. Qc3 Ne4 21. Bxe4
dxe4 22. Ng5 Re5 23. Ngxe4 Rb4 24. Nxd6 Qxd6 25. Nc4 Rxc4 26. Qxc4 Bb7 27. Rbd1
Qc6 28. Qg4 Re4 29. Qd7 Re6 30. Qxc6 Bxc6 31. Rd8+ Kg7 32. Rc8 Bb5 33. Rc1 Re5
34. R8xc5 Rxc5 35. Rxc5 {Black resigns} 1-0

[Event "Team 45 45 League T46"]
[Site "Internet Chess Club"]
[Date "2010.08.05"]
[Round "1"]
[White "oldbookseller"]
[Black "PsyMar"]
[Result "0-1"]
[WhiteElo "1072"]
[BlackElo "1242"]
[Opening "Queen's pawn game"]
[ECO "D00"]
[Time "10:00:24"]
[TimeControl "2700+45"]

1. d4 d5 2. e3 c5 3. c4 Nf6 4. Bd3 Nc6 5. a3 e5 6. Nf3 e4 7. Be2 exf3 8. Bxf3
Be6 9. O-O Be7 10. Nd2 cxd4 11. e4 dxc4 12. Qe1 O-O 13. e5 Nd7 14. Be4 Ndxe5 15.
Qe2 h6 16. Nf3 Nxf3+ 17. Qxf3 Qa5 18. Qd1 Bd5 19. f3 Bxe4 20. fxe4 Bg5 21. Rf3
Bxc1 22. Qxc1 Ne5 23. Rh3 Rfe8 24. Qf4 Nd3 25. Qg4 Qg5 26. Qf3 Re7 27. Rf1 Qe3+
28. Kh1 Qxf3 29. Rhxf3 Rae8 30. b4 Rxe4 31. Rxf7 Re1 32. h3 Rxf1+ 33. Rxf1 Re1
34. Kg1 Rxf1+ 35. Kxf1 c3 36. Ke2 Nb2 37. g4 d3+ 38. Ke3 d2 39. Kd4 d1=Q+ 40.
Kxc3 Na4+ 41. Kc4 Qc2+ 42. Kb5 Nb6 43. h4 Qa4+ 44. Kc5 Qxa3 45. Kd6 Qxb4+ 46.
Kc7 Qe7+ 47. Kb8 a5 48. g5 Nd5 49. Ka7 b6+ {White resigns} 0-1

[Event "Team 45 45 League T46"]
[Site "Internet Chess Club"]
[Date "2010.08.07"]
[Round "1"]
[White "chicopee-ed"]
[Black "Toalla"]
[Result "1-0"]
[WhiteElo "1309"]
[BlackElo "1133"]
[Opening "Colle system"]
[ECO "D05"]
[Time "13:07:43"]
[TimeControl "2700+45"]

1. d4 d5 2. Nf3 Nf6 3. e3 e6 4. Bd3 c5 5. c3 cxd4 6. exd4 Bd6 7. O-O O-O 8. Ne5
Nbd7 9. f4 Re8 10. Nd2 Qc7 11. Ndf3 h6 12. Bd2 b6 13. Nh4 Bb7 14. g4 Nxe5 15.
fxe5 Ne4 16. Bxe4 Bxe5 17. dxe5 dxe4 18. Be3 Qxe5 19. Qd4 Qb5 20. Qd2 Rad8 21.
Qf2 Re7 22. Rad1 Rd3 23. Rxd3 exd3 24. Bd2 Qxb2 25. g5 h5 26. Ng6 Rd7 27. Ne5
Rc7 28. Nxf7 Qxa2 29. g6 Qd5 30. Nh6+ {Black resigns} 1-0

[Event "Team 45 45 League T46"]
[Site "Internet Chess Club"]
[Date "2010.08.09"]
[Round "1"]
[White "ffplayer"]
[Black "GiulioCre"]
[Result "0-1"]
[WhiteElo "1048"]
[BlackElo "1396"]
[Opening "QGD"]
[ECO "D30"]
[Time "15:30:06"]
[TimeControl "2700+45"]

1. d4 d5 2. c4 e6 3. Nf3 Nf6 4. Bg5 dxc4 5. e4 h6 6. Bh4 c6 7. Bxc4 g5 8. Bg3
Nxe4 9. Bxb8 Bb4+ 10. Nc3 Nxc3 11. bxc3 Bxc3+ 12. Nd2 Bxa1 13. Qxa1 Rxb8 14. O-O
b5 15. Bb3 O-O 16. Nf3 Qd6 17. Qc1 f6 18. Qc2 f5 19. Ne5 Bb7 20. Ng4 Kh7 21. Ne5
a5 22. a4 bxa4 23. Bxa4 Rbc8 24. Rd1 Rcd8 25. Qd3 Qd5 26. h4 c5 27. hxg5 Qxg2#
{White checkmated} 0-1

[Event "Team 45 45 League T46"]
[Site "Internet Chess Club"]
[Date "2010.08.08"]
[Round "1"]
[White "Knight2night"]
[Black "Newcastler"]
[Result "1-0"]
[WhiteElo "1144"]
[BlackElo "1273"]
[Opening "Sicilian: Kan, 5.Nc3"]
[ECO "B43"]
[Time "15:00:31"]
[TimeControl "2700+45"]

1. e4 c5 2. Nf3 e6 3. d4 cxd4 4. Nxd4 a6 5. Nc3 Qc7 6. Bd3 Nf6 7. O-O b5 8. Qf3
Bb7 9. Bf4 e5 10. Bg3 d6 11. Nf5 Nbd7 12. b4 Qxc3 13. Nxd6+ Bxd6 14. a3 Nb6 15.
Bxb5+ axb5 16. Qxc3 Nxe4 17. Qe3 Nc4 18. Qf3 O-O 19. Rfd1 Rab8 20. Qf5 Nxg3 21.
hxg3 f6 22. Qe6+ Kh8 23. Rxd6 Bc8 24. Qe7 Bf5 25. Rc6 Rg8 26. a4 Rge8 27. Qa7
Ra8 28. Qc5 Bd7 29. Rc7 Rec8 30. Rd1 Rxc7 31. Qxc7 bxa4 32. Rxd7 Rg8 33. Qxc4 h6
34. Qa6 e4 35. Qxa4 f5 36. b5 Re8 37. b6 e3 38. fxe3 Rxe3 39. Rd8+ Kh7 40. Kf2
Re7 41. Qa7 {Black resigns} 1-0

[Event "Team 45 45 League T46"]
[Site "Internet Chess Club"]
[Date "2010.08.08"]
[Round "1"]
[White "carolinaknight"]
[Black "Gunter"]
[Result "1-0"]
[WhiteElo "1274"]
[BlackElo "1206"]
[Opening "Philidor's defense"]
[ECO "C41"]
[Time "15:00:18"]
[TimeControl "2700+45"]

1. e4 e5 2. Nf3 d6 3. Nc3 Nf6 4. d3 Nc6 5. Bd2 a6 6. Be2 h6 7. O-O Be7 8. Nh4
Nxe4 9. dxe4 Bxh4 10. g3 Bg5 11. f4 exf4 12. gxf4 Bh4 13. Bd3 Qf6 14. Nd5 Qd8
15. f5 Ne7 16. Qg4 Nxd5 17. exd5 Bg5 18. Rae1+ Kd7 19. Bc3 f6 20. h4 Bxh4 21.
Qxh4 Re8 22. Rxe8 Qxe8 23. Re1 Qf7 24. Qe4 Kd8 25. Re2 Bd7 26. Rg2 c6 27. Bc4 b5
28. Ba5+ Kc8 29. Bb3 c5 30. c3 Qh5 31. Rxg7 Qe8 32. Qxe8+ Bxe8 33. Rc7+ Kb8 34.
Re7 Bh5 35. Bc7+ Kc8 36. Bxd6 c4 37. Bc2 Kd8 38. Rh7 Bg4 39. Rxh6 Ra7 40. Rxf6
Rg7 41. Bf8 Rg8 42. Kf1 Bh3+ 43. Ke1 Ke8 44. Bb4 Rg1+ 45. Kd2 Rg2+ 46. Kc1 Rg1+
47. Bd1 Bg4 48. Re6+ Kf7 49. Rxa6 Rxd1+ 50. Kc2 Rf1 51. Ra7+ Kf6 52. Ra6+ Kxf5
53. a4 Rf2+ 54. Kb1 bxa4 55. Rxa4 Ke5 56. d6 Bd1 57. Ra5+ Ke6 58. Ra6 Kd7 59.
Ra7+ Kd8 {Black resigns} 1-0